 Dungeon Crawl Stone Soup version 0.16.1-7-g2c6721e (webtiles) character file.

606 jacksonaction the Insei (level 7, 30/44 HPs)
             Began as a Gargoyle Monk on Mar 29, 2015.
             Was an Initiate of Gozag.
             Quit the game on level 6 of the Dungeon.
             The game lasted 00:22:32 (3735 turns).

jacksonaction the Insei (Gargoyle Monk)             Turns: 3735, Time: 00:22:32

Health: 30/44      AC:  6    Str: 14    XL:     7   Next: 42%
Magic:  7/7        EV: 14    Int: 11    God:    Gozag
Gold:   165        SH:  0    Dex: 14    Spells: 0 memorised, 6 levels left

rFire  . . .     SeeInvis .       - Unarmed
rCold  . . .     Clarity  .     a - +0 robe
rNeg   + . .     SustAb   .     (no shield)
rPois  ∞         Gourm    .     (no helmet)
rElec  +         Spirit   .     (no cloak)
rCorr  .         Warding  .     (no gloves)
rMut   .         Stasis   .     (no boots)
MR     .....                    (no amulet)
Stlth  ++........               (no ring)
                                (no ring)

@: not resistant to hostile enchantments, unstealthy
A: negative energy resistance 1, electricity resistance, unbreathing,
petrification resistance, rot immunity, AC +4
a: Potion Petition, Call Merchant, Bribe Branch, Renounce Religion


You were on level 6 of the Dungeon.
You worshipped Gozag.
Gozag was noncommittal.
You were not hungry.

You visited 1 branch of the dungeon, and saw 6 of its levels.

You collected 490 gold pieces.
You paid 325 gold pieces to Gozag.

Inventory:

Missiles
 j - a throwing net (quivered)
Armour
 a - a +0 robe (worn)
 b - a +2 robe of the Archmagi
 t - a +0 animal skin
 u - a +0 helmet
Jewellery
 x - a cursed -3 ring of intelligence {unknown}
Magical devices
 l - a wand of random effects (19)
Scrolls
 d - a scroll of noise {unknown}
 f - 6 scrolls of identify {unknown}
 g - a scroll of fear {unknown}
 m - 3 scrolls of teleportation {unknown}
 n - 3 scrolls of recharging {unknown}
 o - 3 scrolls of magic mapping {unknown}
 p - 3 scrolls of remove curse {unknown}
 r - a scroll of enchant weapon {unknown}
 s - a scroll of random uselessness {unknown}
 w - a scroll of enchant armour {unknown}
 y - 2 scrolls of blinking {unknown}
Potions
 c - 2 potions of haste {unknown}
 e - a potion of brilliance {unknown}
 h - 2 potions of curing {unknown}
 i - a potion of magic {unknown}
 k - 2 potions of heal wounds {unknown}
 q - a potion of invisibility {unknown}
 v - a potion of flight {unknown}
 C - a potion of mutation {unknown}
Comestibles
 z - a meat ration
 A - 2 bread rations
 B - a fruit


   Skills:
 + Level 5.2 Fighting
 + Level 4.9 Dodging
 - Level 2.8 Stealth
 + Level 5.8 Unarmed Combat


You had 6 spell levels left.
You didn't know any spells.

Dungeon Overview and Level Annotations

Branches:
Dungeon (7/15)
 Temple: D:4-7

Altars:
Gozag
Okawaru
Qazlal
Ru
Xom

Shops:
D:4 :

Annotations:
D:6 Natasha; apoch's ghost, experienced GrEE


Innate Abilities, Weirdness & Mutations

You are resistant to torment.
You are immune to poison.
Your stone body is very resilient (AC +4).
You resist negative energy.
You are resistant to electric shocks.
You can survive without breathing.
You are immune to petrification.
You are immune to rotting.


Message History

The water moccasin closely misses you.
You closely miss the water moccasin.
The water moccasin is almost dead.
The water moccasin bites you but does no damage. x2
You hit the water moccasin.
You kill the water moccasin!
You start resting.
Apoch's ghost (experienced Gargoyle Earth Elementalist) comes into view.
Apoch's ghost turns its malevolent gaze towards you.
Apoch's ghost says, "A rolling stone gathers plenty of jacksonaction."
Apoch's ghost hits you but does no damage.
Apoch's ghost casts a spell at you. The rocky blast hits you!
Apoch's ghost gestures at you while chanting.
The stone arrow hits you!
Found a bubbling golden potion.
Found a stone staircase leading down.
Found a scroll labeled HOOTAIC PNATS.
Unknown command.
Are you sure you want to abandon this character and quit the game? (Confirm with "yes".)

#.### ### #...# #.. .#
###.# #.# #.# #.# #.# ..#
###.# ######.###..#
##.#.# #....W......#
#....####.####......##..$
.........................
#....####.###...@...>...?
##.#.####..........!.##..
#....)..####.###...##
#.#.###.# #. #.## #.#.#
.# #. ## #.#.# #. #.
#.#.. . . ..##. ..# .


You could see apoch's ghost.

Vanquished Creatures
  A water moccasin (D:6)
  An ice beast (D:6)
  2 scorpions (D:4)
  The ghost of Jackel the Cudgeler, a weakling DsGl (D:3)
  An orc priest (D:4)
  An iguana (D:4)
  A worker ant (D:4)
  Terence (D:3)
  Robin (D:3)
  7 adders
  A worm (D:3)
  2 giant geckos
  An ooze (D:2)
  4 orcs (D:4)
  3 ball pythons
  8 bats
  4 giant cockroaches
  12 hobgoblins
  4 giant newts
  21 goblins
  7 jackals
  10 kobolds
  A quokka (D:3)
  7 rats
102 creatures vanquished.

Notes
Turn   | Place    | Note
--------------------------------------------------------------
     0 | D:1      | jacksonaction, the Gargoyle Monk, began the quest for the Orb.
     0 | D:1      | Reached XP level 1. HP: 14/14 MP: 1/1
    69 | D:1      | Reached XP level 2. HP: 9/19 MP: 2/2
   784 | D:1      | Reached XP level 3. HP: 20/23 MP: 3/3
   986 | D:2      | Found a sacrificial altar of Ru.
  1076 | D:2      | Found a shimmering altar of Xom.
  1469 | D:2      | Found an opulent altar of Gozag.
  1479 | D:2      | Reached XP level 4. HP: 29/29 MP: 4/4
  1489 | D:2      | Became a worshipper of Gozag Ym Sagoz the Greedy
  1690 | D:3      | Noticed Robin
  1755 | D:3      | Killed Robin
  1755 | D:3      | Reached XP level 5. HP: 21/33 MP: 5/5
  1901 | D:3      | Noticed Terence
  1936 | D:3      | Killed Terence
  1936 | D:3      | Reached skill level 5 in Unarmed Combat
  2116 | D:3      | Found an iron altar of Okawaru.
  2187 | D:3      | Noticed Jackel's ghost (weakling DsGl)
  2204 | D:3      | Killed Jackel's ghost
  2501 | D:4      | Reached XP level 6. HP: 35/38 MP: 6/6
  2826 | D:4      | Found Mniumuu's Book Boutique.
  2937 | D:4      | Found a stormy altar of Qazlal.
  3349 | D:4      | You fall through a shaft for 3 floors!
  3378 | D:6      | Reached skill level 5 in Fighting
  3378 | D:6      | Reached XP level 7. HP: 15/44 MP: 7/7
  3670 | D:6      | Noticed Natasha
  3670 | D:6      | Noticed a water moccasin
  3700 | D:6      | Killed a water moccasin
  3718 | D:6      | Noticed apoch's ghost (experienced GrEE)
  3735 | D:6      | Quit the game

Action                   |  1- 3 |  4- 6 |  7- 9 || total
-------------------------+-------+-------+-------++-------
Melee: Unarmed           |   122 |   310 |    32 ||   464
Invok: Potion Petition   |       |     2 |       ||     2
 Stab: Sleeping          |     3 |     2 |       ||     5
  Eat: Chunk             |     1 |     1 |       ||     2
       Bread ration      |       |     1 |       ||     1
       Fruit             |       |     2 |     1 ||     3
       Beef jerky        |       |       |     1 ||     1
